AoeStats
← Old & Rusty

Arabia

503471402Analyzed
1v1 RM · 1mo ago on Aug 31, 2026· 34m 30s· 2 players
Game mode
Random Map
Map size
Tiny (2 player)
Population
200
Speed
Normal
Resources
Standard
Victory
Conquest
Starting age
Dark Age
Ending age
Imperial Age
RankedLock teamsTeams togetherTeam positionsShared explorationLock speedFull tech treeHidden civsTurbo modeCheats
Victory
Defeat
🇬🇧 Britons · United Kingdom
974
+14
🇺🇸 Mongols · United States
941
-14
Aramis
3:14 Loom
10:51 Feudal Age
12:10 Double-Bit Axe
17:47 Bloodlines
18:08 Horse Collar
19:43 Forging
20:40 Scale Barding Armor
26:25 Castle Age
24:44 Town Watch
25:44 Fletching
26:38 Padded Archer Armor
27:35 Husbandry
26:57 Light Cavalry
27:00 Elite Skirmisher
27:46 Thumb Ring
28:30 Thumb Ring
34:02 Leather Archer Armor
Old & Rusty
5:27 Loom
9:55 Feudal Age
11:12 Double-Bit Axe
16:26 Fletching
22:30 Castle Age
22:42 Padded Archer Armor
22:37 Crossbowman
24:08 Bow Saw
26:39 Bodkin Arrow
31:53 Ballistics
Connection lost

Rejoining the realm…

Still unreachable

The connection could not be restored.

Session expired

The server has moved on; the page needs a fresh start.